 Dungeon Crawl Stone Soup version 0.27.1-1-g398f81649c (webtiles) character file.

Game seed: 4511559552204142095

4040 MisterFreud the Blocker (level 10, -7/82 HPs)
             Began as a Gnoll Fighter on Sept 8, 2021.
             Was an Elder of Trog.
             Killed from afar by a gargoyle (25 damage)
             ... with a stone arrow
             ... on level 8 of the Dungeon.
             The game lasted 00:12:43 (8125 turns).

MisterFreud the Blocker (Gnoll Fighter)             Turns: 8125, Time: 00:12:44

Health: -7/82      AC: 16    Str: 16    XL:     10   Next: 24%
Magic:  17/17      EV: 11    Int:  9    God:    Trog [****..]
Gold:   118        SH: 11    Dex: 13    Spells: 19/19 levels left

rFire    + + .     SeeInvis .   G - +4 trident of Teiri {vorpal, rF++}
rCold    . . .     Faith    .   c - +0 kite shield
rNeg     . . .     Spirit   .   i - +3 chain mail
rPois    +         Reflect  .   (no helmet)
rElec    .         Harm     .   u - +0 cloak {rPois}
rCorr    .         Rampage  .   (no gloves)
Will     .....                  J - +0 pair of boots
Stlth    ..........             (no amulet)
HPRegen  0.23/turn              v - ring of poison resistance
MPRegen  0.15/turn              D - +4 ring of evasion

@: no status effects
A: fangs 1, strong nose, distributed training
a: Renounce Religion, Berserk, Trog's Hand, Brothers in Arms


You were on level 8 of the Dungeon.
You worshipped Trog.
Trog was greatly pleased with you.
You visited 1 branch of the dungeon, and saw 8 of its levels.
You also visited: Sewer.

You collected 317 gold pieces.
You spent 199 gold pieces at shops.

Inventory:

Hand Weapons
 a - a +0 rapier
 b - a +0 short sword of venom
 G - the +4 trident of Teiri (weapon) {vorpal, rF++}
   (You found it on level 6 of the Dungeon)

   It inflicts extra damage upon your enemies.
   rF:        It greatly protects you from fire.
Missiles
 j - 4 boomerangs (quivered)
 m - 7 atropa-tipped darts
 y - 7 poisoned darts
 E - 12 curare-tipped darts
 F - 2 throwing nets
Armour
 c - a +0 kite shield (worn)
 i - a +3 chain mail (worn)
 u - a +0 cloak of poison resistance (worn)
 J - a +0 pair of boots (worn)
Jewellery
 v - a ring of poison resistance (left hand)
 D - a +4 ring of evasion (right hand)
Wands
 C - a wand of charming (8)
 H - a wand of digging (11)
Scrolls
 e - a scroll of blinking {unknown}
 h - a scroll of noise {unknown}
 k - 3 scrolls of identify
 o - 2 scrolls of teleportation
 q - a scroll of enchant armour {unknown}
 r - a scroll of fog {unknown}
 s - a scroll of summoning {unknown}
 t - a scroll of immolation {unknown}
 w - a scroll of brand weapon {unknown}
 z - a scroll of torment {unknown}
 B - a scroll of amnesia {unknown}
Potions
 d - a potion of might
 f - a potion of magic
 g - 7 potions of curing
 l - 3 potions of flight
 n - a potion of resistance
 p - 3 potions of attraction
 x - a potion of lignification
 A - a potion of invisibility
 I - a potion of berserk rage {unknown}


   Skills:
 + Level 8.4 Fighting
 + Level 6.9 Short Blades
 + Level 5.1 Long Blades
 + Level 5.1 Axes
 + Level 5.1 Maces & Flails
 + Level 5.1 Polearms
 + Level 5.1 Staves
 + Level 5.1 Slings
 + Level 5.1 Bows
 + Level 5.1 Crossbows
 + Level 5.1 Throwing
 + Level 8.4 Armour
 + Level 5.1 Dodging
 + Level 5.1 Stealth
 + Level 8.4 Shields
 + Level 5.1 Unarmed Combat
 + Level 5.1 Spellcasting
 + Level 4.2 Conjurations
 + Level 4.2 Hexes
 + Level 4.2 Summonings
 + Level 4.2 Necromancy
 + Level 4.2 Translocations
 + Level 4.2 Transmutations
 + Level 4.2 Fire Magic
 + Level 4.2 Ice Magic
 + Level 4.2 Air Magic
 + Level 4.2 Earth Magic
 + Level 4.2 Poison Magic
 + Level 5.6 Invocations
 + Level 5.1 Evocations


You had 19 spell levels left.
You didn't know any spells.
Your spell library contained the following spells:

 Spells                   Type           Power      Damage    Failure   Level
 Corpse Rot               Necr/Air       N/A        N/A       88%         2
 Poisonous Vapours        Pois/Air       18%        N/A       88%         2
 Slow                     Hex            9%         N/A       88%         2
 Confusing Touch          Hex            9%         N/A       98%         3
 Conjure Flame            Conj/Fire      9%         6-21      98%         3
 Ignite Poison            Fire/Tmut/Pois 9%         N/A       98%         3
 Sticky Flame             Conj/Fire      9%         2d3       100%        4
 Freezing Cloud           Conj/Ice/Air   4%         6-21      100%        5
 Yara's Violent Unravell  Hex/Tmut       4%         3d4       100%        5


Dungeon Overview and Level Annotations

Branches:
Dungeon (8/15)             Temple (0/1) D:6           Sewer (visited)
   Lair: D:8-11

Altars:
Makhleb
Nemelex Xobeh
Qazlal
Trog
Vehumet
Xom
Yredelemnul

Shops:
D:1 !   D:3 ?   D:6 *   D:8 (

Annotations:
D:4 2 runed translucent doors, Crownlay's ghost, novice HOFi


Innate Abilities, Weirdness & Mutations

You have very sharp teeth.
Your uncanny sense of smell can sniff out nearby items.
Your experience applies equally to all skills.


Message History

Found a scroll of identify.
You feel sick.
You are no longer poisoned.
Items here: ( )) ††.
You hit the gargoyle.
You bite the gargoyle, but do no damage.
The gargoyle is lightly damaged.
The gargoyle hurls a stone arrow at you.
The stone arrow hits you!
You hit the gargoyle.
The gargoyle is lightly damaged.
The gargoyle closely misses you. The gargoyle completely misses you.
You barely miss the gargoyle.
You bite the gargoyle, but do no damage.
The gargoyle is lightly damaged.
The gargoyle closely misses you.
You hit the gargoyle.
You bite the gargoyle, but do no damage.
The gargoyle is heavily damaged.
The gargoyle barely misses you.
You hit the gargoyle.
The gargoyle is heavily damaged.
You block the gargoyle's attack.
Your chain mail prevents you from hitting the gargoyle.
The gargoyle is heavily damaged.
The gargoyle hurls a stone arrow at you.
The stone arrow hits you!
Your shield and chain mail prevent you from hitting the gargoyle.
The gargoyle is heavily damaged.
You block the gargoyle's attack.
Your shield prevents you from hitting the gargoyle.
The gargoyle is heavily damaged.
The gargoyle hits you with a +0 mace.
The gargoyle hurls a stone arrow at you.
The stone arrow hits you!
* * * LOW HITPOINT WARNING * * *
You hit the gargoyle.
The gargoyle is heavily damaged.
The gargoyle hurls a stone arrow at you.
The stone arrow hits you!!
You die...

### ≈ ..# .≈ #.#
§§§ #.# §≈§§ #.#
§§≈.. #.#
.≈≈...#####.####
......9@)).....#
....).#####.##.#
..### #.##.#
#.##.# #.##.#
#.##.###
..##...#
######.#
####.####


You could see a gargoyle.

Vanquished Creatures
  A two-headed ogre (D:8)
  2 steam dragons
  An acid dragon (D:5)
  2 water moccasins
  2 orc warriors (D:6)
  2 ice beasts (D:6)
  3 necrophages
  A sky beast (D:8)
  2 ogres
  3 phantoms
  2 bullfrogs
  4 kobold brigands
  A gnoll sergeant (D:6)
  5 wights (D:8)
  4 howler monkeys
  A centaur zombie (D:6)
  A bullfrog zombie (D:6)
  2 orc priests
  3 jellies
  3 hounds
  Crazy Yiuf (D:2)
  2 centaur skeletons
  Jessica (D:2)
  An orc wizard (D:6)
  Natasha (twice) (D:3)
  Terence (D:3)
  A hound skeleton (D:4)
  13 gnolls
  5 adders
  4 river rats (D:5)
  2 worms
  A dart slug (D:3)
  20 orcs
  9 ball pythons
  8 endoplasms
  10 giant cockroaches
  7 goblins
  9 hobgoblins
  7 jackals
  4 quokkas
  4 bats
  6 frilled lizards
  26 kobolds
  10 rats
199 creatures vanquished.

Vanquished Creatures (others)
  A jelly (D:5)
  A gnoll (D:7)
  A quokka (D:5)
  6 demonic plants (D:3)
  A fungus (D:3)
  A withered plant (D:3)
11 creatures vanquished.

Grand Total: 210 creatures vanquished

Notes
Turn   | Place    | Note
-------+----------+-------------------------------------------
     0 | D:1      | MisterFreud the Gnoll Fighter began the quest for the Orb.
     0 | D:1      | Reached XP level 1. HP: 23/23 MP: 1/1
   193 | D:1      | Reached XP level 2. HP: 29/29 MP: 2/2
   567 | D:1      | Found Jin Hobe's Distillery.
   576 | D:1      | Bought a potion of degeneration for 11 gold pieces
   576 | D:1      | Bought a potion of curing for 33 gold pieces
   576 | D:1      | Bought a potion of flight for 33 gold pieces
   720 | D:2      | Reached XP level 3. HP: 35/35 MP: 3/3
   945 | D:2      | Reached skill level 1 in Invocations
  1084 | D:2      | Noticed Jessica
  1098 | D:2      | Killed Jessica
  1099 | D:2      | Reached skill level 1 in Long Blades
  1099 | D:2      | Reached skill level 1 in Axes
  1099 | D:2      | Reached skill level 1 in Maces & Flails
  1099 | D:2      | Reached skill level 1 in Polearms
  1099 | D:2      | Reached skill level 1 in Staves
  1099 | D:2      | Reached skill level 1 in Slings
  1099 | D:2      | Reached skill level 1 in Bows
  1099 | D:2      | Reached skill level 1 in Crossbows
  1099 | D:2      | Reached skill level 1 in Throwing
  1099 | D:2      | Reached skill level 1 in Dodging
  1099 | D:2      | Reached skill level 1 in Stealth
  1099 | D:2      | Reached skill level 1 in Unarmed Combat
  1099 | D:2      | Reached skill level 1 in Spellcasting
  1099 | D:2      | Reached skill level 1 in Evocations
  1099 | D:2      | Reached XP level 4. HP: 31/41 MP: 5/5
  1507 | D:2      | Found a runed translucent door.
  1508 | D:2      | Noticed Crazy Yiuf
  1519 | D:2      | Killed Crazy Yiuf
  1520 | D:2      | Reached skill level 1 in Conjurations
  1520 | D:2      | Reached skill level 1 in Hexes
  1520 | D:2      | Reached skill level 1 in Summonings
  1520 | D:2      | Reached skill level 1 in Necromancy
  1520 | D:2      | Reached skill level 1 in Translocations
  1520 | D:2      | Reached skill level 1 in Transmutations
  1520 | D:2      | Reached skill level 1 in Fire Magic
  1520 | D:2      | Reached skill level 1 in Ice Magic
  1520 | D:2      | Reached skill level 1 in Air Magic
  1520 | D:2      | Reached skill level 1 in Earth Magic
  1520 | D:2      | Reached skill level 1 in Poison Magic
  1604 | D:3      | Found a faded altar of an unknown god.
  1612 | D:3      | Became a worshipper of Trog the Wrathful
  1612 | D:3      | Reached * piety under Trog
  1679 | D:3      | Reached XP level 5. HP: 47/47 MP: 6/6
  1696 | D:3      | Noticed Terence
  1705 | D:3      | Killed Terence
  2094 | D:3      | Found Zatuexta's Magic Scroll Shop.
  2101 | D:3      | Bought a scroll of teleportation for 33 gold pieces
  2101 | D:3      | Bought a scroll of identify for 22 gold pieces
  2447 | D:3      | Noticed Natasha
  2463 | D:3      | Killed Natasha
  2470 | D:3      | Reached ** piety under Trog
  2473 | D:3      | Noticed Natasha
  2478 | D:3      | Killed Natasha
  2873 | D:3      | Reached XP level 6. HP: 49/53 MP: 8/8
  3019 | D:4      | Found a bloodstained altar of Trog.
  3075 | D:4      | Noticed a necrophage
  3100 | D:3      | Killed a necrophage
  3101 | D:3      | Reached skill level 5 in Short Blades
  3424 | D:4      | Found a burning altar of Makhleb.
  3424 | D:4      | Noticed an Executioner
  3483 | D:4      | Found a large runed translucent door.
  3484 | D:4      | Found a large runed translucent door.
  3485 | D:4      | Noticed Crownlay's ghost (novice HOFi)
  3697 | D:4      | Reached XP level 7. HP: 52/59 MP: 10/10
  3866 | D:4      | Found a radiant altar of Vehumet.
  4069 | D:5      | Entered Level 5 of the Dungeon
  4392 | D:5      | Found a glowing drain.
  4406 | Sewer    | Entered a sewer
  4625 | Sewer    | Reached XP level 8. HP: 65/67 MP: 12/12
  4914 | D:5      | Found a shimmering altar of Xom.
  4996 | D:5      | Found a basalt altar of Yredelemnul.
  5341 | D:6      | Found a sparkling altar of Nemelex Xobeh.
  5401 | D:6      | Reached *** piety under Trog
  5503 | D:6      | Found Suoler's Lightly-Used Armoury.
  5539 | D:6      | Found a staircase to the Ecumenical Temple.
  5675 | D:6      | Reached XP level 9. HP: 31/73 MP: 14/14
  6720 | D:6      | Identified the +4 trident of Teiri {vorpal, rF++}
  7156 | D:7      | Found a stormy altar of Qazlal.
  7249 | D:7      | Reached **** piety under Trog
  7250 | D:7      | Reached skill level 5 in Invocations
  7356 | D:7      | Noticed a skeletal warrior
  7356 | D:7      | Noticed a skeletal warrior
  7630 | D:8      | Identified the +4 halberd of Linearity {freeze, Str+4
                  | Dex+2}
  7702 | D:8      | Noticed a two-headed ogre
  7710 | D:8      | Killed a two-headed ogre
  7711 | D:8      | Reached skill level 5 in Long Blades
  7711 | D:8      | Reached skill level 5 in Axes
  7711 | D:8      | Reached skill level 5 in Maces & Flails
  7711 | D:8      | Reached skill level 5 in Polearms
  7711 | D:8      | Reached skill level 5 in Staves
  7711 | D:8      | Reached skill level 5 in Slings
  7711 | D:8      | Reached skill level 5 in Bows
  7711 | D:8      | Reached skill level 5 in Crossbows
  7711 | D:8      | Reached skill level 5 in Throwing
  7711 | D:8      | Reached skill level 5 in Dodging
  7711 | D:8      | Reached skill level 5 in Stealth
  7711 | D:8      | Reached skill level 5 in Unarmed Combat
  7711 | D:8      | Reached skill level 5 in Spellcasting
  7711 | D:8      | Reached skill level 5 in Evocations
  7711 | D:8      | Reached XP level 10. HP: 81/81 MP: 15/17
  7975 | D:8      | Found Haot's Firing Range.
  7980 | D:8      | Bought 8 curare-tipped darts for 67 gold pieces
  8093 | D:8      | Noticed a gargoyle
  8125 | D:8      | Killed from afar by a gargoyle

Illustrated notes

Levels and vault maps discovered:
D:1:      lightli_arrival_lavapool, layout_rooms, serial_shops,
          nicolae_lakefront_shop
D:2:      layout_loops_cross, minmay_tromino_v4_a, uniq_crazy_yiuf_cottage,
          uniq_jessica
D:3:      minmay_inner_zag, layout_loops_ring, shapermc_ecumenical_altar_gd,
          serial_shops, nicolae_shop_trees, uniq_natasha, uniq_terence
D:4:      layout_cave_pods, makhleb_altar_promises_db,
          nicolae_overflow_hidden_temple, lemuel_doored_altar,
          ebering_ghost_disaster_area
D:5:      layout_basic, kennysheep_mini, lemuel_crystal_altar,
          gup_sewer_entry_bubbles, hex_medium, lemuel_flamethrower_2, uniq_ijyb
D:6:      cheibrodos_thug_alley, layout_rooms, nemelex_diamond_rough_becter,
          minmay_temple_entry_water_ring, minmay_misc_feat_tiny,
          roderic_lattice_a, minmay_shop_damaged
D:7:      layout_loops_ring, lemuel_tele_altar, grunt_gozag_breadcrumbs,
          minmay_misc_feat_four_crosses, minivault_24
D:8:      layout_loops_ring, mainiacjoe_overflow_chevrons,
          nicolae_shop_firing_range

Skill      XL: |  1  2  3  4  5  6  7  8  9 |
---------------+----------------------------+-----
Invocations    | 1 2 3 4 5 |  5.6
Long Blades    | 1 2 3 5 |  5.1
Axes           | 1 2 3 5 |  5.1
Maces & Flails | 1 2 3 5 |  5.1
Polearms       | 1 2 3 5 |  5.1
Staves         | 1 2 3 5 |  5.1
Slings         | 1 2 3 5 |  5.1
Bows           | 1 2 3 5 |  5.1
Crossbows      | 1 2 3 5 |  5.1
Throwing       | 1 2 3 5 |  5.1
Dodging        | 1 2 3 5 |  5.1
Stealth        | 1 2 3 5 |  5.1
Unarmed Combat | 1 2 3 5 |  5.1
Spellcasting   | 1 2 3 5 |  5.1
Evocations     | 1 2 3 5 |  5.1
Conjurations   | 1 2 3 4 |  4.2
Hexes          | 1 2 3 4 |  4.2
Summonings     | 1 2 3 4 |  4.2
Necromancy     | 1 2 3 4 |  4.2
Translocations | 1 2 3 4 |  4.2
Transmutations | 1 2 3 4 |  4.2
Fire Magic     | 1 2 3 4 |  4.2
Ice Magic      | 1 2 3 4 |  4.2
Air Magic      | 1 2 3 4 |  4.2
Earth Magic    | 1 2 3 4 |  4.2
Poison Magic   | 1 2 3 4 |  4.2
Short Blades   | 5 6 |  6.9
Fighting       | 7 8 |  8.4
Armour         | 7 8 |  8.4
Shields        | 7 8 |  8.4

Action                   |  1- 3 |  4- 6 |  7- 9 | 10-12 || total
-------------------------+-------+-------+-------+-------++-------
Melee: Rapier            |   123 |    44 |    92 |       ||   259
       Bite              |     8 |    24 |    54 |     7 ||    93
       Short sword       |       |   138 |   350 |       ||   488
       Trident           |       |       |    93 |    55 ||   148
Throw: Dart              |       |       |     3 |       ||     3
Invok: Berserk           |       |       |     6 |       ||     6
       Trog's Hand       |       |       |     2 |       ||     2
  Use: Scroll            |       |     5 |     1 |       ||     6
       Potion            |       |       |     1 |       ||     1
Armor: Scale mail        |    26 |       |       |       ||    26
       Chain mail        |    31 |   115 |   222 |     7 ||   375
Dodge: Dodged            |    28 |    33 |   169 |    16 ||   246
Block: Kite shield       |    65 |    85 |   296 |    28 ||   474
